 Dungeon Crawl Stone Soup version 0.26.1 (webtiles) character file.

Game seed: 12053510954707052073

26 DasRunzen the Conjurer (level 2, -3/22 HPs)
             Began as a Demigod Conjurer on Feb 5, 2021.
             Slain by a sky beast (6 damage)
             ... on level 1 of the Dungeon.
             The game lasted 00:03:30 (1636 turns).

DasRunzen the Conjurer (Demigod Conjurer)           Turns: 1636, Time: 00:03:32

Health: -3/22      AC:  3    Str: 10    XL:     2   Next: 69%
Magic:  2/8        EV: 12    Int: 24    God:
Gold:   91         SH:  0    Dex: 14    Spells: 2/5 levels left

rFire    . . .     SeeInvis .   f - +0 dagger
rCold    . . .     Faith    .   (no shield)
rNeg     . . .     Spirit   .   a - +1 robe
rPois    .         Reflect  .   (no helmet)
rElec    .         Harm     .   (no cloak)
rCorr    .         Rampage  .   (no gloves)
Will     .....                  (no boots)
Stlth    +.........             d - amulet of inaccuracy (curse)
HPRegen  0.07/turn              b - ring of attention (curse)
MPRegen  0.11/turn              (no ring)

@: no status effects
A: clever 1, high mp 2
a: no special abilities


You were on level 1 of the Dungeon.
You visited 1 branch of the dungeon, and saw 2 of its levels.

You collected 91 gold pieces.

Inventory:

Hand Weapons
 f - a +0 dagger (weapon)
Armour
 a - a +1 robe (worn)
Jewellery
 b - a cursed ring of attention (left hand)
 d - a cursed amulet of inaccuracy (around neck)
Scrolls
 e - 2 scrolls of identify


   Skills:
 + Level 0.8 Fighting
 + Level 0.8 Armour
 + Level 2.1 Dodging
 - Level 1.7 Stealth
 + Level 2.0 Spellcasting
 + Level 3.8 Conjurations


You had 2 spell levels left.
You knew the following spells:

 Your Spells              Type           Power        Failure   Level
a - Magic Dart            Conj           80%          2%          1
b - Searing Ray           Conj           40%          3%          2

Your spell library contained the following spells:

 Spells                   Type           Power        Failure   Level
 Dazzling Flash           Conj/Hex       22%          16%         3
 Fulminant Prism          Conj/Hex       5%           47%         4
 Iskenderun's Mystic Bla  Conj/Tloc      11%          47%         4


Dungeon Overview and Level Annotations

Branches:
Dungeon (2/15)


Innate Abilities, Weirdness & Mutations

You have a considerably increased reservoir of magic. (+20% MP)
Your mind is acute. (Int +2)


Message History

Confirm with . or Enter, or press ? or * to list all spells.
Aiming: Searing Ray (safe; 3% risk of failure)
Press: ? - help, Shift-Dir - straight line, f - sky beast
Aim: a sky beast (rain, 49% to evade)
The searing ray hits the sky beast.
The sky beast is lightly wounded. (Press . to maintain the ray.)
The sky beast hits you but does no damage.
The searing ray hits the sky beast.
The sky beast is moderately wounded.
The sky beast hits you. The sky beast shocks you.
* * * LOW HITPOINT WARNING * * *
The searing ray hits the sky beast.
The sky beast is heavily wounded.
The sky beast flickers out of sight!
Deactivating autopickup; reactivate with Ctrl-A.
Something hits you.
* * * LOW HITPOINT WARNING * * *
Something shocks you.
You die...

#!# #.....#.# ### #.#
#..(..#.# #.. #.#
#.....#.# #.. #.#
#..)..#+###### #..
###'#####.{..........#
#..
#..............)(....#
#..
#......รท..###........#
#..
#.........###........#
###
#.........'{@........###
#
#.........###..........#
# #.........#
##########.## #
#.........# #..# #
########### ##.#####
#.#).## #.##.#. #.#..#.
#.#.##.


There were no monsters in sight!

Vanquished Creatures
  A leopard gecko (D:1)
  A giant cockroach (D:1)
  2 goblins (D:1)
  3 hobgoblins (D:1)
  3 jackals (D:1)
  2 kobolds (D:1)
  7 bats (D:1)
  3 frilled lizards
  2 rats (D:1)
24 creatures vanquished.

Notes
Turn   | Place    | Note
-------+----------+-------------------------------------------
     0 | D:1      | DasRunzen the Demigod Conjurer began the quest for the Orb.
     0 | D:1      | Reached XP level 1. HP: 14/14 MP: 5/5
   869 | D:1      | Reached XP level 2. HP: 22/22 MP: 5/7
   872 | D:1      | Learned a level 2 spell: Searing Ray
  1586 | D:1      | Gained mutation: Your mind is acute. (Int +2) [potion of
                  | mutation]
  1586 | D:1      | Gained mutation: You have a considerably increased
                  | reservoir of magic. (+20% MP) [potion of mutation]
  1602 | D:2      | Noticed a sky beast
  1636 | D:1      | Slain by a sky beast

Illustrated notes

Levels and vault maps discovered:
D:1:      psy_arrival_radial01, layout_basic
D:2:      kennysheep_the_goblin_king, layout_loops_cross,
          grunt_temple_overflow_opulence, tso_altar, kennysheep_slug_shrine,
          chequers_ecumenical_altar_simple, minmay_circle_x

Skill      XL: |  1  2 |
---------------+-------+-----
Dodging        | 2 |  2.1
Spellcasting   | 2 |  2.0
Fighting       | |  0.8
Armour         | |  0.8
Stealth        | |  1.7
Conjurations   | |  3.8

Action                   || total
-------------------------++-------
Melee: Unarmed           ||     3
       Dagger            ||     2
 Cast: Magic Dart        ||    47
       Searing Ray       ||     2
  Use: Scroll            ||     3
       Potion            ||     1
Armor: Robe              ||    14
Dodge: Dodged            ||    23
